General information
- name: BNet
- type: Ladder 1vs1/FFA
- host: Battle.net
- saver: 7.30
map: GnollWood
- players: 2
- length: 22:17
- speed: Fast
- version: 1.24 W3XP
- replay type: Public
» download(62 KB)
Players
team 1 (loser)
terf21 (
green | 32 APM | 709 actions | 22:15)
1 Keeper of the Grove
1 Force of Nature
1 Demon Hunter
1 Immolation
» actions
| Basic commands | 19 | |
| Build / train | 105 | |
| Enter build submenu | 19 | |
| Enter hero's abilities submenu | 2 | |
| Right click | 278 | |
| Select / deselect | 245 | |
| Use ability | 41 | |
709 total
» units
| Wisp | 27 | |
| Archer | 22 | |
| Glaive Thrower | 2 | |
| Huntress | 4 | |
| Druid of the Talon | 26 | |
| Chimaera | 5 | |
86 total
» upgrades
| Strength of the Moon | 2 | |
| Moon Armor | 2 | |
| Vorpal Blades | 1 | |
| Sentinel | 1 | |
| Improved Bows | 1 | |
| Ultravision | 1 | |
| Upgrade Moon Glaive | 1 | |
| Marksmanship | 1 | |
| Druid of the Talon Training | 2 | |
| Corrosive Breath | 1 | |
13 total
» buildings
| Altar of Elders | 1 | |
| Moon Well | 4 | |
| Ancient of War | 1 | |
| Hunter's Hall | 1 | |
| Tree of Ages | 1 | |
| Ancient Protector | 4 | |
| Tree of Eternity | 1 | |
| Ancient of Wind | 1 | |
| Chimaera Roost | 1 | |
| Ancient of Wonders | 1 | |
| Tree of Life | 1 | |
17 total
» build order
00:25 Altar of Elders
00:37 Moon Well
01:20 Ancient of War
01:42 Moon Well
02:43 Hunter's Hall
03:05 Tree of Ages
03:58 Ancient Protector
07:14 Tree of Eternity
07:42 Ancient Protector
08:04 Moon Well
09:09 Ancient of Wind
11:22 Moon Well
12:34 Ancient Protector
13:04 Chimaera Roost
13:40 Ancient of Wonders
15:08 Tree of Life
18:33 Ancient Protector
team 2 (winner)
7.30 (
teal | 68 APM | 1514 actions | 22:17)
6 Goblin Alchemist
2 Acid Bomb
3 Chemical Rage
1 Transmute
4 Archmage
2 Summon Water Elemental
2 Brilliance Aura
» actions
| Assign group hotkey | 73 | |
| Basic commands | 91 | |
| Build / train | 78 | |
| ESC pressed | 3 | |
| Enter build submenu | 30 | |
| Enter hero's abilities submenu | 11 | |
| Give item / drop item | 2 | |
| Right click | 613 | |
| Select / deselect | 352 | |
| Select group hotkey | 166 | |
| Use ability | 95 | |
1514 total
» units
| Peasant | 16 | |
| Footman | 2 | |
| Rifleman | 8 | |
| Priest | 4 | |
| Flying Machine | 1 | |
| Knight | 1 | |
32 total
» upgrades
| Gunpowder | 2 | |
| Armor | 2 | |
| Masonry | 2 | |
| Lumber Harvesting | 1 | |
| Long Rifles | 1 | |
| Priest Training | 2 | |
| Animal War Training | 1 | |
11 total
» buildings
| Barracks | 2 | |
| Farm | 12 | |
| Altar of Kings | 1 | |
| Blacksmith | 1 | |
| Lumber Mill | 1 | |
| Town Hall | 1 | |
| Arcane Vault | 1 | |
| Keep | 1 | |
| Scout Tower | 8 | |
| Arcane Tower | 1 | |
| Guard Tower | 4 | |
| Arcane Sanctum | 1 | |
| Workshop | 1 | |
| Castle | 1 | |
36 total
» build order
00:06 Barracks
00:20 Farm
01:02 Farm
01:16 Altar of Kings
01:56 Blacksmith
02:21 Lumber Mill
02:47 Farm
02:54 Farm
04:16 Barracks
04:36 Farm
04:57 Town Hall
07:03 Arcane Vault
07:09 Keep
07:21 Farm
07:21 Farm
07:23 Farm
07:28 Scout Tower
07:29 Scout Tower
07:30 Scout Tower
07:30 Scout Tower
07:31 Scout Tower
07:31 Scout Tower
08:07 Arcane Tower
08:08 Guard Tower
08:23 Farm
08:24 Farm
08:24 Farm
09:25 Guard Tower
09:26 Scout Tower
09:27 Scout Tower
10:24 Arcane Sanctum
10:34 Guard Tower
11:00 Guard Tower
11:27 Workshop
11:39 Farm
13:48 Castle
» items
| Scroll of Regeneration | 2 | |
| Lesser Clarity Potion | 2 | |
| Mechanical Critter | 1 | |
| Scroll of Healing | 1 | |
| Boots of Speed | 2 | |
| Periapt of Vitality | 3 | |
| Staff of Teleportation | 1 | |
| Scroll of Town Portal | 1 | |
| Potion of Lesser Invulnerability | 1 | |
14 total
Chat log
(15:50 / All) 7.30: are you even looking at your units?
(16:01 / All) terf21: nope
(16:07 / All) 7.30: content to suck?
(16:08 / All) terf21: got stronger
(17:16 / All) 7.30: gg?
(17:21 / All) terf21: ty
(17:27 / All) 7.30: ty for what]
(19:09 / All) 7.30: can you make more chimeras
(19:11 / All) 7.30: i want to transmute
(19:23 / All) terf21: no i need a gm
(19:32 / All) 7.30: gm?
(19:41 / All) terf21: ye
(19:46 / All) terf21: i have no more whisps
(19:52 / All) 7.30: oh you mean youre outta gold
(19:55 / All) terf21: so its over
(19:55 / All) 7.30: your own fault for not expanding
(19:59 / All) 7.30: its been over for a long time
(20:10 / All) terf21: i teched up to dragons right away instead of mass units like u
(20:13 / All) 7.30: no
(20:17 / All) 7.30: the problem wasnt teching straight up
(20:23 / All) terf21: n lost because one or 2 dragons isnt gunna handle that many units
(20:26 / All) 7.30: the problem was you dont know what the dragons are for
(20:42 / All) 7.30: you lost 15 minutes ago when you let me take a 2nd gold mine at 50 food)
(20:47 / All) terf21: dont tell me how to play if u didnt attack that early u woulda been gettin swarmed by dragons in less then 5 min
(20:57 / All) 7.30: um im going to tellyou how to play
(20:59 / All) 7.30: because you suck
(21:08 / All) terf21: n i lost that gm in the begining n u ganked me everytime i went for mi gm
(21:08 / All) 7.30: and youre not going to mass chimeras with 1 gold mine
(21:14 / All) 7.30: ganked?
(21:14 / All) 7.30: lol
(21:17 / All) 7.30: go back to dota noob
(21:23 / All) terf21: ima nooob
(21:31 / All) 7.30: yes you are, so you should let me tell you how to play
(21:39 / All) terf21: ide rape u kid u got lucky with a rush that was 2 min early before ur doom
(21:42 / All) 7.30: you know, i actually SCOUT so i know when you have a chimera roost
(21:49 / All) 7.30: lol
(21:52 / All) terf21: i saw
(21:54 / All) 7.30: you sure raped me
(21:56 / All) terf21: peace
(21:59 / All) 7.30: bye noob
(22:01 / All) 7.30: lol
(22:09 / All) terf21: later no life fagget
(22:11 / All) 7.30: LOL